 Dungeon Crawl Stone Soup version 0.21.1-1-g345015f (webtiles) character file.

624942 Golfball the Conqueror (level 27, -2/273 HPs)
             Began as a Minotaur Berserker on Apr 18, 2018.
             Was the Champion of Trog.
             Killed from afar by an ancient lich (74 damage)
             ... with a bolt of lightning
             ... on level 5 of the Realm of Zot on Apr 19, 2018.
             The game lasted 05:16:20 (73025 turns).

Golfball the Conqueror (Minotaur Berserker)        Turns: 73025, Time: 05:16:21

Health: -2/273     AC: 45    Str: 37    XL:     27
Magic:  16/34      EV: 21    Int:  6    God:    Trog [******]
Gold:   5638       SH: 31    Dex: 17    Spells: 26/26 levels left

rFire    + . .     SeeInvis +   a - +8 mithril axe "Arga" {speed, MR+}
rCold    + . .     Gourm    .   z - +0 large shield
rNeg     . . .     Faith    .   K - +9 scales of the Dragon King {rPois rF+ rC+ MR+}
rPois    +         Spirit   .   y - +2 hat {SInv}
rElec    .         Reflect  +   Z - +2 cloak
rCorr    .         Harm     .   C - +2 pair of gloves {Str+3}
MR       ++++.                  G - +2 pair of boots
Stlth    ..........             v - +4 amulet of reflection
HPRegen  0.55/turn              h - +3 ring of strength
MPRegen  0.24/turn              D - ring of Waicod {+Fly Str+5 Slay+2}

@: berserk cooldown, slowed, very slow
A: retaliatory headbutt, horns 2, screaming 1
0: Orb of Zot
}: 3/15 runes: serpentine, barnacled, silver
a: Berserk, Trog's Hand, Brothers in Arms, Burn Spellbooks, Renounce Religion,
Evoke Flight


You were on level 5 of the Realm of Zot.
You worshipped Trog.
Trog was exalted by your worship.
You were full.

You visited 10 branches of the dungeon, and saw 50 of its levels.
You also visited: Ice Cave and Volcano.

You collected 8518 gold pieces.
You spent 2880 gold pieces at shops.

Inventory:

Hand Weapons
 a - the +8 mithril axe "Arga" (weapon) {speed, MR+}
   (Trog gifted it to you on level 3 of the Vaults)

   Attacks with this weapon are significantly faster.
   It affects your resistance to hostile enchantments.
 b - the +7 hunting sling of the Scorpion {flame, Int+5}
   (Trog gifted it to you on level 1 of the Crypt)

   It causes projectiles fired from it to burn those they strike, causing extra
   injury to most foes and up to half again as much damage against particularly
   susceptible opponents.
   It affects your intelligence (+5).
 r - a +4 antimagic war axe
 S - a +3 broad axe of flaming
Missiles
 f - 793 sling bullets
 t - 10 javelins of penetration
 A - 32 javelins of returning (quivered)
Armour
 y - a +2 hat of see invisible (worn)
 z - a +0 large shield (worn)
 C - a +2 pair of gloves of strength (worn)
 G - a +2 pair of boots (worn)
 K - the +9 scales of the Dragon King (worn) {rPois rF+ rC+ MR+}
   (You bought it in a shop on level 5 of the Dungeon)

   It protects you from fire.
   It protects you from cold.
   It protects you from poison.
   It affects your resistance to hostile enchantments.
 Z - a +2 cloak (worn)
Jewellery
 h - a +3 ring of strength (left hand)
 v - a +4 amulet of reflection (around neck)
 D - the ring of Waicod (right hand) {+Fly Str+5 Slay+2}
   (You found it on level 1 of the Elven Halls)

   [ring of flight]

   It affects your strength (+5).
   It affects your accuracy and damage with ranged weapons and melee attacks
   (+2).
   It lets you fly.
 V - the ring "Wimokhligg" {rPois MR+}
   (You took it off a yaktaur on level 5 of the Vaults)

   [ring of protection from magic]

   It protects you from poison.
   It affects your resistance to hostile enchantments.
Wands
 q - a wand of iceblast (20)
 E - a wand of clouds (5)
 F - a wand of paralysis (58)
 H - a wand of scattershot (16)
 I - a wand of digging (18)
 J - a wand of disintegration (27)
 P - a wand of flame (63)
 W - a wand of polymorph (62)
 X - a wand of acid (19)
Scrolls
 i - 21 scrolls of remove curse
 k - 4 scrolls of fear
 u - 5 scrolls of blinking
 w - 2 scrolls of magic mapping
 x - 15 scrolls of teleportation
 O - 5 scrolls of fog
 R - 4 scrolls of silence
 U - 17 scrolls of identify
 Y - 2 scrolls of summoning
Potions
 e - 7 potions of agility
 g - 24 potions of curing
 j - 9 potions of flight
 l - 8 potions of might
 m - 8 potions of ambrosia
 o - 3 potions of heal wounds
 p - 11 potions of haste
 s - 4 potions of resistance
 B - 5 potions of cancellation
 N - 2 potions of invisibility
 T - 10 potions of mutation
Comestibles
 c - 55 rations
 d - 3 chunks of flesh


   Skills:
 O Level 27 Fighting
 - Level 17.6(18.0) Axes
   Level 6.1(13.2) Maces & Flails
 - Level 13.2(14.0) Slings
 - Level 7.1(10.6) Throwing
 + Level 20.1 Armour
 - Level 22.0 Dodging
 + Level 22.1 Shields
 - Level 17.0 Evocations


You had 26 spell levels left.
You didn't know any spells.

Dungeon Overview and Level Annotations

Branches:
Dungeon (15/15)            Temple (0/1) D:7            Lair (6/6) D:10
 Shoals (4/4) Lair:4        Snake (4/4) Lair:3        Slime (0/5) Lair:5
    Orc (2/2) D:11            Elf (2/3) Orc:2        Vaults (5/5) D:14
  Crypt (2/3) Vaults:3     Depths (5/5) D:15            Zot (5/5) Depths:5

Altars:
Kikubaaqudgha
Okawaru
Qazlal
Trog
Uskayaw
Xom
Beogh
Jiyva
Lugonu

Shops:
D:5 [   D:13 :   Orc:2 ([(?   Elf:1 (}[%*   Shoals:1 *   Shoals:4 *   Snake:1 *
Snake:2 }}=   Vaults:1 }   Vaults:2 !   Vaults:4 }   Vaults:5 %?!

Portals:
Hell: Depths:1 Depths:2 Depths:3 Depths:4 Depths:5
Abyss: Depths:2 Depths:4
Pandemonium: Depths:1 Depths:3 Depths:4
Ziggurat: Depths:4
Trove: Depths:1 (give +3 storm dragon scales)

Annotations:
Lair:4 exclusion: 2 oklob plants
Lair:5 1 runed door
Depths:2 2 runed doors
Zot:4 2 transporters


Innate Abilities, Weirdness & Mutations

You reflexively headbutt those who attack you in melee.
You have a pair of horns on your head.
You occasionally shout uncontrollably at your foes.


Message History

You miss the Tzitzimitl. Your headbutt misses the Tzitzimitl.
The Tzitzimitl is severely wounded.
Your troll misses the Tzitzimitl.
Your troll claws the Tzitzimitl!
Your troll barely misses the Tzitzimitl.
You closely miss the Tzitzimitl. Your headbutt misses the Tzitzimitl.
The Tzitzimitl is severely wounded.
Your troll bites the Tzitzimitl.
Your troll claws the Tzitzimitl but does no damage.
Your troll claws the Tzitzimitl.
The Tzitzimitl calls on the powers of darkness!
Your troll convulses!
Your body is wracked with pain!
* * * LOW HITPOINT WARNING * * *
The ancient lich gestures at you while chanting.
The bolt of lightning hits your troll.
Your troll dies!
Your troll's corpse disappears in a puff of smoke!
The bolt of lightning hits the Tzitzimitl.
The Tzitzimitl resists.
The bolt of lightning hits you!
You die...

......#≈≈≈≈≈≈.≈.≈..#.##.........#
≈≈≈#####≈≈≈≈≈.≈L≈..#.##.........#
≈≈≈≈#*#≈≈≈≈≈≈(≈.≈..≈.##.........#
≈≈≈≈≈#*#≈≈≈≈≈.≈.≈..#....<.......#
≈≈≈≈≈# *#≈≈≈≈.≈.≈..#......#......
≈≈≈≈≈# *#≈≈≈.≈.≈..#......#......
≈≈≈≈## ####≈≈.≈§#,,#......#......
≈≈≈## #......≈1####......#......
#≈##***#.####.#.@.........#......
,...,,,,,* #.#######.....#......
#*▓▓▓########.########▓▓▓▓#######
## #...............# ##...... .##
*#.............#* ##....... ..##
#.............# ##..^..... ...#
##...........## #......... ^..#
#...........# #......... ...#
##4..........## #.........


You could see an ancient lich and a Tzitzimitl.

Vanquished Creatures
  9 ancient liches
  An orb of fire (Zot:5)
  Boris (Vaults:5)
  Vashnia (Snake:4)
  A Killer Klown (Zot:5)
  5 curse toes
  7 golden dragons
  A bone dragon (Depths:4)
  19 tentacled monstrosities
  3 electric golems
  Asterion (Depths:2)
  6 liches
  25 Orb Guardians (Zot:5)
  3 quicksilver dragons
  4 titans
  Gastronok (D:9)
  Polyphemus (Shoals:4)
  Frances (Elf:1)
  3 sphinxes
  An ancient champion (Crypt:2)
  10 storm dragons
  6 death cobs
  The ghost of Sinoran the Spry, an adept MiFi of Okawaru (Snake:3)
  A kraken (Shoals:4)
  12 shadow dragons
  6 draconian monks
  5 tengu reavers
  Ilsuiw (Shoals:4)
  10 nagarajas
  2 deep elf sorcerers
  10 fire giants
  A ghost moth (Zot:5)
  7 draconian knights
  An orc warlord (Vaults:3)
  2 iron dragons (Vaults:5)
  18 vault wardens
  8 draconian scorchers
  3 draconian shifters
  A juggernaut zombie (Crypt:1)
  10 frost giants
  4 draconian stormcallers
  2 curse skulls
  4 deep elf elementalists
  13 very ugly things
  3 ghouls (Crypt:1)
  10 ironheart preservers
  2 draconian annihilators
  16 stone giants
  2 spriggan defenders (Depths:4)
  An entropy weaver (shapeshifter) (Vaults:5)
  5 vampire knights
  3 war gargoyles (Vaults:5)
  3 deep elf demonologists
  2 entropy weavers (Vaults:4)
  7 red draconians
  8 green draconians
  3 deep elf annihilators
  11 purple draconians
  4 yellow draconians
  5 spark wasps
  13 black draconians
  3 white draconians
  The ghost of AceErrynx the Cleaver, a journeyman HOFi of Beogh (Orc:2)
  7 merfolk impalers
  11 ettins
  3 deep elf death magi
  2 eidola
  A crystal guardian (Vaults:4)
  2 jiangshi (Crypt:1)
  5 merfolk javelineers (Shoals:4)
  2 green deaths
  12 fire dragons
  2 deep elf high priests
  7 great orbs of eyes
  10 yaktaur captains
  A great orb of eyes (shapeshifter) (Vaults:5)
  Harold (Lair:2)
  30 vault guards
  9 hydras
  19 naga warriors
  Erolcha (D:9)
  3 rakshasas
  5 merfolk avatars
  5 spriggan air magi
  8 ice dragons
  9 anacondas
  An alligator snapping turtle (Shoals:4)
  13 centaur warriors
  3 catoblepae
  4 merfolk aquamancers (Shoals:4)
  An alligator (shapeshifter) (Vaults:5)
  16 death yaks
  2 death knights (Vaults:3)
  6 deep troll shamans
  10 ogre magi
  41 two-headed ogres
  5 satyrs
  3 hell hogs (Depths:4)
  3 orc high priests (Orc:2)
  4 shock serpents
  10 spriggan berserkers
  7 deep troll earth magi
  A small abomination (Elf:1)
  17 dancing weapons
  2 vampire magi (Crypt:1)
  4 tengu warriors
  Nergalle (D:10)
  18 naga sharpshooters
  3 hell knights (Depths:1)
  4 iron trolls
  3 salamander mystics
  16 deep elf knights
  Sonja (D:12)
  22 skeletal warriors
  3 glowing orange brains
  A flayed ghost (Depths:3)
  2 death drakes (shapeshifter)
  2 shadow wraiths
  An entropy weaver zombie (Vaults:1)
  3 unseen horrors
  14 sea snakes
  A swamp dragon (Lair:6)
  8 naga ritualists
  An infernal demonspawn (Depths:1)
  9 deep elf archers
  4 wizards
  19 orc knights
  23 deep trolls
  A tengu zombie (Depths:3)
  6 necromancers
  A lindwurm (Lair:6)
  7 phantasmal warriors
  15 harpies
  11 ironbrand convokers
  The ghost of Homage the Quickloader, a novice MiHu of Okawaru (D:5)
  7 mana vipers
  8 orc sorcerers
  13 salamanders
  5 wolf spiders
  34 ugly things
  A wolf spider (shapeshifter) (Vaults:5)
  5 manticores
  68 deep elf magi
  8 cyclopes
  9 elephants
  17 fauns
  A salamander (shapeshifter) (Vaults:3)
  12 merfolk sirens
  33 moths of wrath
  13 vault sentinels
  A guardian serpent (shapeshifter) (Vaults:5)
  42 black mambas
  A stone giant skeleton (Vaults:1)
  A guardian serpent (Snake:3)
  26 naga magi
  4 water nymphs
  2 orange demons (Depths:3)
  A torpor snail (shapeshifter) (Vaults:3)
  An ice statue (IceCv)
  10 rime drakes
  5 spectral swamp worms (Depths:2)
  25 spiny frogs
  A spriggan skeleton (Depths:3)
  A gargoyle (D:11)
  7 centaur skeletons
  2 elf skeletons (Depths:3)
  2 efreet (D:15)
  2 komodo dragons (shapeshifter)
  An iron troll zombie (Crypt:2)
  52 yaktaurs
  5 freezing wraiths
  A tengu conjurer (D:14)
  9 komodo dragons
  A queen bee (shapeshifter) (Depths:3)
  A yaktaur skeleton (Vaults:3)
  A white draconian skeleton (Crypt:1)
  6 meliai
  A red devil (Depths:1)
  A troll (D:9)
  A golden dragon simulacrum (Depths:1)
  A meliai (shapeshifter) (D:15)
  4 wind drakes
  A jumping spider (Vaults:4)
  A troll (shapeshifter) (D:12)
  A jumping spider (shapeshifter) (Elf:1)
  A shadow dragon simulacrum (Vaults:3)
  15 blink frogs
  37 merfolk
  14 polar bears
  5 hornets
  A queen bee (Lair:4)
  A harpy skeleton (D:15)
  A bog body (Crypt:1)
  A tarantella zombie (Crypt:1)
  An ettin zombie (Vaults:1)
  A satyr zombie (Crypt:1)
  4 dream sheep
  15 slime creatures
  A frost giant simulacrum (Depths:3)
  The ghost of bande the Shield-Bearer, an amateur GrFi of Okawaru (D:4)
  14 hippogriffs
  A fire giant simulacrum (Vaults:3)
  8 snapping turtles
  5 air elementals (Depths:4)
  5 redbacks
  2 spriggans
  58 yaks
  3 shadows
  A spriggan (shapeshifter) (Depths:4)
  2 fire bats (Volcano)
  4 wraiths
  An elf zombie (Vaults:1)
  A basilisk (shapeshifter) (Depths:5)
  2 tarantellas (shapeshifter)
  5 wyverns
  3 fire elementals
  2 hungry ghosts
  17 water elementals
  9 basilisks
  2 steam dragons
  3 chaos spawn
  56 nagas
  Menkaure (D:6)
  3 vampire mosquitoes (D:15)
  25 water moccasins
  A gelid demonspawn zombie (Crypt:2)
  A swamp worm (shapeshifter) (Vaults:5)
  4 acid dragons (Lair:6)
  2 wargs
  A floating eye (shapeshifter) (Vaults:5)
  12 hell hounds
  A porcupine (shapeshifter) (Vaults:5)
  5 porcupines
  A human skeleton (Depths:1)
  33 orc warriors
  4 sky beasts
  5 ice beasts
  A meliai simulacrum (D:13)
  3 black bears
  A deep troll simulacrum (Depths:1)
  An eye of draining (D:15)
  A human zombie (Vaults:1)
  3 phantoms
  5 necrophages
  34 ogres
  18 wolves
  An elephant zombie (Crypt:2)
  An ogre (shapeshifter) (D:15)
  5 boggarts (Vaults:1)
  14 centaurs
  A blink frog skeleton (Crypt:2)
  15 crocodiles
  A lindwurm skeleton (Crypt:2)
  Blork the orc (D:6)
  5 big kobolds
  21 bullfrogs
  A komodo dragon skeleton (Crypt:1)
  3 earth elementals
  A gnoll sergeant (D:7)
  2 wyvern skeletons
  8 scorpions
  35 killer bees
  A yak skeleton (Crypt:1)
  17 wights
  8 howler monkeys
  17 crimson imps
  2 bullfrog zombies
  2 centaur zombies
  5 hounds
  5 jellies
  25 orc priests
  2 bullfrog skeletons
  25 orc wizards
  A demonspawn skeleton (Crypt:2)
  5 iguanas
  Terence (D:2)
  Natasha (thrice) (D:2)
  A basilisk skeleton (Crypt:1)
  16 worker ants
  2 howler monkey skeletons
  5 worker ant zombies
  13 adders
  22 gnolls
  A river rat (Lair:4)
  A steam dragon skeleton (Crypt:2)
  3 shadow imps
  An iguana zombie (Crypt:2)
  2 adder zombies
  A barachi zombie (Crypt:1)
  3 dart slugs
  7 leopard geckos
  55 orcs
  A bat skeleton (Crypt:2)
  A bat zombie (Crypt:1)
  3 giant cockroaches
  2 goblins
  8 hobgoblins
  19 jackals
  56 kobolds
  6 quokkas
  3 bats
  6 frilled lizards
  A giant cockroach zombie (Crypt:1)
  A jackal skeleton (D:5)
  A leopard gecko skeleton (D:4)
  5 rats
  5 fungi
  9 plants
  4 tentacles (Shoals:4)
2266 creatures vanquished.

Vanquished Creatures (collateral kills)
  An orb of fire (Zot:1)
  Nikola (Shoals:4)
  A vampire knight (Vaults:3)
  The ghost of Theoretic the Protected, a journeyman MiBe of Trog (Orc:2)
  4 merfolk impalers
  2 naga warriors (Snake:3)
  An alligator snapping turtle (Shoals:4)
  2 naga sharpshooters (Snake:3)
  3 hell knights (Depths:1)
  A sea snake (Shoals:4)
  A manticore (Shoals:4)
  A tengu skeleton (Vaults:3)
  A guardian serpent (Snake:3)
  A human skeleton (Vaults:3)
  3 merfolk
  6 nagas (Snake:3)
  A human zombie (Vaults:3)
31 creatures vanquished.

Vanquished Creatures (others)
  3 stone giants
  A merfolk javelineer (Shoals:4)
  A merfolk impaler (Shoals:4)
  3 yaktaur captains
  A centaur warrior (Vaults:3)
  A death knight (Vaults:2)
  A two-headed ogre (Volcano)
  A satyr (Shoals:4)
  5 naga sharpshooters
  A deep elf knight (Vaults:1)
  A manticore (Shoals:2)
  4 fauns
  10 yaktaurs
  A polar bear (IceCv)
  A merfolk (Shoals:4)
  An orc warrior (Orc:2)
  5 centaurs
  An orc wizard (Orc:2)
  5 fungi
  20 plants
  8 tentacles (Shoals:4)
75 creatures vanquished.

Grand Total: 2372 creatures vanquished

Notes
Turn   | Place    | Note
-------+----------+-------------------------------------------
     0 | D:1      | Golfball the Minotaur Berserker began the quest for the Orb.
     0 | D:1      | Reached XP level 1. HP: 19/19 MP: 0/0
   201 | D:1      | Reached XP level 2. HP: 26/26 MP: 1/1
   805 | D:2      | Reached skill level 5 in Axes
   918 | D:2      | Reached XP level 3. HP: 29/31 MP: 2/2
  1038 | D:2      | Reached XP level 4. HP: 27/39 MP: 3/3
  1185 | D:2      | You fall through a shaft!
  1232 | D:2      | Reached ** piety under Trog
  1272 | D:2      | Found an ancient bone altar of Kikubaaqudgha.
  1444 | D:2      | Noticed Terence
  1453 | D:2      | Killed Terence
  1463 | D:2      | Noticed Natasha
  1559 | D:2      | Killed Natasha
  1559 | D:2      | Reached XP level 5. HP: 37/45 MP: 4/4
  1653 | D:2      | You fall through a shaft!
  1704 | D:2      | Noticed Natasha
  1708 | D:2      | Killed Natasha
  1738 | D:2      | Noticed Natasha
  1743 | D:2      | Killed Natasha
  1743 | D:2      | Reached skill level 4 in Fighting
  1743 | D:2      | Reached skill level 1 in Throwing
  2336 | D:4      | Reached XP level 6. HP: 48/53 MP: 5/5
  2347 | D:4      | Noticed bande's ghost (amateur GrFi)
  2361 | D:4      | Killed bande's ghost
  2361 | D:4      | Reached skill level 5 in Fighting
  2488 | D:4      | Reached skill level 6 in Fighting
  2488 | D:4      | Reached XP level 7. HP: 47/61 MP: 6/6
  2957 | D:4      | Reached *** piety under Trog
  3363 | D:4      | Reached skill level 7 in Fighting
  3428 | D:4      | Reached skill level 5 in Throwing
  3429 | D:4      | Reached **** piety under Trog
  3696 | D:4      | Reached XP level 8. HP: 52/71 MP: 7/7
  3863 | D:5      | Entered Level 5 of the Dungeon
  3963 | D:5      | Found Ibrohyab's Armour Emporium.
  3981 | D:5      | Noticed Homage's ghost (novice MiHu)
  3991 | D:5      | Killed Homage's ghost
  3991 | D:5      | Reached skill level 5 in Dodging
  4571 | D:6      | Received a gift from Trog
  4579 | D:6      | Noticed Blork the orc
  4584 | D:6      | Killed Blork the orc
  4584 | D:6      | Reached XP level 9. HP: 68/79 MP: 8/8
  4974 | D:6      | Noticed Menkaure
  4979 | D:6      | Killed Menkaure
  5415 | D:6      | Reached ***** piety under Trog
  5942 | D:7      | Reached skill level 5 in Armour
  5965 | D:7      | Got a translucent scale mail
  6007 | D:7      | Identified the +3 scale mail of Snakes and Ladders {Int+4} (You took it off a gnoll on level 7 of the Dungeon)
  6232 | D:7      | Reached skill level 10 in Axes
  6234 | D:7      | Found a staircase to the Ecumenical Temple.
  6411 | D:7      | Received a gift from Trog
  6606 | D:8      | Noticed a two-headed ogre
  6610 | D:8      | Killed a two-headed ogre
  6610 | D:8      | Reached XP level 10. HP: 86/86 MP: 9/9
  6659 | D:8      | Reached skill level 1 in Shields
  6818 | D:8      | Paralysed by a hornet for 3 turns
  6823 | D:8      | Paralysed by a hornet for 3 turns
  7221 | D:8      | Noticed a two-headed ogre
  7235 | D:8      | Killed a two-headed ogre
  7235 | D:8      | Received a gift from Trog
  7235 | D:8      | Reached skill level 1 in Evocations
  7352 | D:8      | Reached skill level 8 in Fighting
  7590 | D:8      | Reached skill level 5 in Shields
  7986 | D:9      | Noticed Erolcha
  7993 | D:9      | Killed Erolcha
  8094 | D:9      | Reached XP level 11. HP: 89/95 MP: 12/12
  8100 | D:9      | Reached skill level 9 in Fighting
  8739 | D:9      | Found an iron altar of Okawaru.
  8739 | D:9      | Found a hide-covered altar of Uskayaw.
  8739 | D:9      | Found a stormy altar of Qazlal.
  8982 | D:9      | Noticed Gastronok
  8988 | D:9      | Killed Gastronok
  9029 | D:9      | Reached skill level 10 in Fighting
  9078 | D:10     | Entered Level 10 of the Dungeon
  9088 | D:10     | Reached skill level 5 in Evocations
  9100 | D:10     | Found a staircase to the Lair.
  9103 | D:10     | Noticed a two-headed ogre
  9112 | D:10     | Reached skill level 1 in Slings
  9128 | D:10     | Killed a two-headed ogre
  9229 | D:10     | Noticed Nergalle
  9237 | D:10     | Killed Nergalle
  9398 | D:10     | Received a gift from Trog
  9624 | D:10     | Reached ****** piety under Trog
  9634 | D:10     | Noticed a two-headed ogre
  9639 | D:10     | Killed a two-headed ogre
  9639 | D:10     | Reached skill level 11 in Fighting
  9904 | D:11     | Noticed a two-headed ogre
  9907 | D:10     | Received a gift from Trog
  9920 | D:11     | Killed a two-headed ogre
  9920 | D:11     | Reached skill level 5 in Slings
  9920 | D:11     | Reached XP level 12. HP: 68/110 MP: 15/15
 10962 | D:11     | Found a staircase to the Orcish Mines.
 11233 | D:11     | Received a gift from Trog
 11349 | Lair:1   | Entered Level 1 of the Lair of Beasts
 12366 | Lair:1   | Found the +8 whip "Snakebite" {curare, rPois}
 12539 | Lair:2   | Noticed Harold
 12555 | Lair:2   | Killed Harold
 12555 | Lair:2   | Reached skill level 1 in Maces & Flails
 13003 | Lair:2   | Noticed an eight-headed hydra
 13010 | Lair:2   | Killed an eight-headed hydra
 13010 | Lair:2   | Reached XP level 13. HP: 116/116 MP: 16/16
 13783 | Lair:3   | Found a staircase to the Snake Pit.
 14069 | Lair:3   | Reached skill level 5 in Maces & Flails
 14277 | Lair:3   | Found a dark tunnel.
 14296 | Volcano  | Entered a volcano
 14330 | Volcano  | Received a gift from Trog
 14890 | Lair:4   | Found a staircase to the Shoals.
 14934 | Lair:4   | Found a frozen archway.
 14946 | Lair:4   | Reached skill level 10 in Armour
 14950 | Lair:4   | Received a gift from Trog
 15005 | IceCv    | Entered an ice cave
 15648 | IceCv    | Noticed a frost giant
 15667 | IceCv    | Killed a frost giant
 15667 | IceCv    | Reached XP level 14. HP: 55/124 MP: 18/18
 16324 | Lair:4   | Received a gift from Trog
 16964 | Lair:4   | Received a gift from Trog
 17201 | Lair:4   | Found an ancient bone altar of Kikubaaqudgha.
 17732 | D:5      | Bought the +9 scales of the Dragon King {rPois rF+ rC+ MR+} for 1372 gold pieces
 17732 | D:5      | Found the +9 scales of the Dragon King {rPois rF+ rC+ MR+}
 17931 | Lair:4   | Reached skill level 10 in Dodging
 18683 | Lair:5   | Found a runed door.
 18683 | Lair:5   | Found a viscous altar of Jiyva.
 18683 | Lair:5   | Noticed an acid blob
 19085 | Lair:5   | Found a staircase to the Slime Pits.
 19085 | Lair:5   | Noticed an acid blob
 19128 | Lair:6   | Entered Level 6 of the Lair of Beasts
 19209 | Lair:6   | Received a gift from Trog
 19754 | Lair:6   | Reached skill level 10 in Evocations
 20338 | Lair:6   | Reached XP level 15. HP: 118/129 MP: 21/21
 20677 | Lair:6   | Reached skill level 15 in Axes
 21785 | D:12     | Received a gift from Trog
 21850 | D:12     | Noticed Sonja
 21854 | D:12     | Killed Sonja
 21997 | D:12     | Identified a scroll of acquirement
 22119 | D:12     | You fall through a shaft!
 22158 | D:13     | Found Atsaqunn's Book Shop.
 22778 | Snake:1  | Entered Level 1 of the Snake Pit
 23036 | Snake:1  | Reached skill level 12 in Fighting
 23247 | Snake:1  | Received a gift from Trog
 23921 | Snake:1  | Found Doinegim's Assorted Antiques.
 24117 | Snake:2  | Reached skill level 13 in Fighting
 24495 | Snake:2  | Received a gift from Trog
 24556 | Snake:2  | Reached XP level 16. HP: 116/144 MP: 22/22
 25055 | Snake:2  | Received a gift from Trog
 25224 | Snake:2  | Reached skill level 14 in Fighting
 25487 | Snake:2  | Found Houtyom's Gadget Shop.
 25489 | Snake:2  | Found Xikkyeno's Jewellery Emporium.
 25502 | Snake:2  | Found Cimop's Gadget Shop.
 25929 | Snake:3  | Noticed Sinoran's ghost (adept MiFi)
 25951 | Snake:3  | Killed Sinoran's ghost
 26507 | Snake:3  | Received a gift from Trog
 27518 | Shoals:1 | Entered Level 1 of the Shoals
 27549 | Shoals:1 | Found Doas's Island Escapes.
 28557 | Shoals:2 | Received a gift from Trog
 28585 | Shoals:2 | Reached XP level 17. HP: 111/152 MP: 25/25
 29006 | Shoals:2 | Reached skill level 10 in Slings
 30719 | Snake:4  | Entered Level 4 of the Snake Pit
 31081 | Snake:3  | Received a gift from Trog
 32069 | Snake:4  | Noticed Vashnia
 32113 | Snake:4  | Killed Vashnia
 32113 | Snake:4  | Received a gift from Trog
 32113 | Snake:4  | Reached skill level 10 in Shields
 33194 | Snake:4  | Reached XP level 18. HP: 127/161 MP: 26/26
 33387 | Snake:4  | Received a gift from Trog
 33610 | Snake:4  | Got a serpentine rune of Zot
 33638 | Snake:4  | Reached skill level 15 in Fighting
 34230 | Shoals:4 | Entered Level 4 of the Shoals
 34282 | Shoals:4 | Noticed Ilsuiw
 34298 | Shoals:4 | Killed Ilsuiw
 34352 | Shoals:4 | Noticed Polyphemus
 34369 | Shoals:4 | Killed Polyphemus
 34369 | Shoals:4 | Reached skill level 16 in Fighting
 35006 | Shoals:4 | Noticed Nikola
 35015 | Shoals:4 | Received a gift from Trog
 35034 | Shoals:4 | Killed Nikola
 35421 | Shoals:4 | Got brightly glowing fire dragon scales
 35432 | Shoals:4 | Identified the +8 fire dragon scales of the Hurricane {rPois rF++ rC- rN+ MR- Regen+} (You found it on level 4 of the Shoals)
 35861 | Shoals:4 | Received a gift from Trog
 36441 | Shoals:4 | Got a barnacled rune of Zot
 36522 | Shoals:4 | Found Wuben's General Store.
 36648 | Shoals:4 | Reached skill level 17 in Fighting
 36967 | Shoals:4 | Received a gift from Trog
 37425 | Orc:1    | Entered Level 1 of the Orcish Mines
 37592 | Orc:2    | Entered Level 2 of the Orcish Mines
 37592 | Orc:2    | Noticed Theoretic's ghost (journeyman MiBe)
 37598 | Orc:2    | Noticed AceErrynx's ghost (journeyman HOFi)
 37604 | Orc:2    | Killed Theoretic's ghost
 37608 | Orc:2    | Killed AceErrynx's ghost
 38019 | Orc:2    | Found Sothifo's Magic Scroll Emporium.
 38083 | Orc:2    | Received a gift from Trog
 38136 | Orc:2    | Found Porui's Antique Weapon Boutique.
 38140 | Orc:2    | Bought a scroll of blinking for 112 gold pieces
 38140 | Orc:2    | Bought a scroll of blinking for 112 gold pieces
 38256 | Orc:2    | Found Biceozxe's Antique Armour Boutique.
 38258 | Orc:2    | Found Upumul's Antique Weapon Emporium.
 38359 | Orc:2    | Found a staircase to the Elven Halls.
 38523 | Orc:2    | Found a bloodstained altar of Trog.
 38929 | D:13     | Reached XP level 19. HP: 178/178 MP: 27/27
 38939 | D:13     | Received a gift from Trog
 39493 | D:14     | Found a gate to the Vaults.
 39645 | D:15     | Entered Level 15 of the Dungeon
 39662 | D:15     | Reached skill level 18 in Fighting
 40350 | D:15     | Received a gift from Trog
 40376 | D:15     | Found a staircase to the Depths.
 41221 | Vaults:1 | Entered Level 1 of the Vaults
 41342 | Vaults:1 | Got a bound pewter ring
 41343 | Vaults:1 | Identified the ring "Inelais" {Wiz rN+ Int+4 Dex-5 Slay+2} (You found it on level 1 of the Vaults)
 41483 | Vaults:1 | Reached skill level 15 in Dodging
 41606 | Vaults:1 | Found Miazegh's Gadget Emporium.
 41773 | Vaults:1 | Received a gift from Trog
 41813 | Vaults:1 | Received a gift from Trog
 41825 | Vaults:1 | Paralysed by a great orb of eyes for 4 turns
 42150 | Vaults:1 | You fall through a shaft!
 42186 | Vaults:2 | Found Eveok's Distillery.
 42189 | Vaults:2 | Bought a potion of haste for 170 gold pieces
 42189 | Vaults:2 | Bought a potion of mutation for 136 gold pieces
 42189 | Vaults:2 | Bought a potion of curing for 51 gold pieces
 42267 | Vaults:2 | Got a wavering platinum ring
 42268 | Vaults:2 | Identified the ring "Jalithri" {rF+ rN++ MP+9} (You found it on level 2 of the Vaults)
 43160 | Vaults:2 | Received a gift from Trog
 43602 | Vaults:2 | Reached XP level 20. HP: 164/187 MP: 28/28
 43835 | Vaults:2 | Received a gift from Trog
 45273 | Vaults:3 | Reached skill level 19 in Fighting
 45282 | Vaults:3 | Received a gift from Trog
 45283 | Vaults:3 | Found the +8 mithril axe "Arga" {speed, MR+}
 45494 | Vaults:3 | Found a staircase to the Crypt.
 45737 | Vaults:3 | Found a roughly hewn altar of Beogh.
 46053 | Vaults:3 | Received a gift from Trog
 46326 | Vaults:4 | Received a gift from Trog
 46473 | Vaults:4 | Reached skill level 20 in Fighting
 46624 | Vaults:4 | Received a gift from Trog
 46697 | Vaults:4 | Reached skill level 15 in Evocations
 46794 | Vaults:4 | Reached XP level 21. HP: 199/201 MP: 31/31
 47177 | Vaults:4 | Found Laem's Gadget Shop.
 47187 | Vaults:4 | Received a gift from Trog
 47342 | Vaults:4 | Received a gift from Trog
 47881 | Elf:1    | Entered Level 1 of the Elven Halls
 47932 | Elf:1    | Reached skill level 15 in Armour
 48002 | Elf:1    | Found Ohacihim's Food Shoppe.
 48061 | Elf:1    | Received a gift from Trog
 48071 | Elf:1    | Reached skill level 15 in Shields
 48083 | Elf:1    | Received a gift from Trog
 48320 | Elf:1    | Identified the ring of Waicod {+Fly Str+5 Slay+2} (You found it on level 1 of the Elven Halls)
 48530 | Elf:1    | Found Hace Exuo's General Store.
 48566 | Elf:1    | Noticed Frances
 48571 | Elf:1    | Killed Frances
 48852 | Elf:1    | Found Daqaex's Gadget Boutique.
 48924 | Elf:1    | Found Ixzaun's Antique Armour Shoppe.
 49030 | Elf:1    | Found Xaces's Weapon Boutique.
 49430 | Elf:2    | Received a gift from Trog
 49971 | Elf:2    | Found a huge runed gate.
 49971 | Elf:2    | Found a huge runed gate.
 49971 | Elf:2    | Found a huge runed gate.
 49971 | Elf:2    | Found a huge runed gate.
 49974 | Elf:2    | Found a huge runed gate.
 49988 | Elf:2    | Received a gift from Trog
 50695 | Depths:1 | Entered Level 1 of the Depths
 50720 | Depths:1 | Received a gift from Trog
 50730 | Depths:1 | Found a portal to a secret trove of treasure.
 50758 | Depths:1 | Received a gift from Trog
 51357 | Depths:1 | Reached XP level 22. HP: 211/211 MP: 32/32
 51375 | Depths:1 | Received a gift from Trog
 51599 | Depths:1 | Reached skill level 21 in Fighting
 51628 | Depths:1 | Found a one-way gate leading to the halls of Pandemonium.
 51807 | Depths:1 | Found a gateway to Hell.
 52216 | Depths:2 | Noticed Asterion
 52228 | Depths:2 | Killed Asterion
 52289 | Depths:2 | Found a corrupted altar of Lugonu.
 52289 | Depths:2 | Found a one-way gate to the infinite horrors of the Abyss.
 52304 | Depths:2 | Found a large runed door.
 52306 | Depths:2 | Found a large runed door.
 52834 | Depths:3 | Noticed a golden dragon
 52852 | Depths:3 | Killed a golden dragon
 53066 | Depths:3 | Got a coiled jade ring
 53067 | Depths:3 | Identified the ring "Sishe Tui" {*Corrode rElec rF- rN+ Dex+7 SInv} (You found it on level 3 of the Depths)
 53752 | Depths:3 | Received a gift from Trog
 53911 | Depths:3 | Reached skill level 22 in Fighting
 54284 | Depths:4 | Received a gift from Trog
 54355 | Depths:4 | Received a gift from Trog
 54374 | Depths:4 | HP: 10/215 [fire giant/fireball (8)]
 55492 | Depths:4 | Found a gateway to a ziggurat.
 55975 | Depths:4 | Found a bloodstained altar of Trog.
 56252 | Depths:5 | Entered Level 5 of the Depths
 56346 | Depths:4 | Reached XP level 23. HP: 195/224 MP: 33/33
 56417 | Depths:4 | Received a gift from Trog
 56924 | Depths:5 | Received a gift from Trog
 57511 | Depths:5 | Reached skill level 23 in Fighting
 57645 | Depths:5 | Found a gate to the Realm of Zot.
 58075 | Crypt:1  | Entered Level 1 of the Crypt
 58494 | Crypt:1  | Received a gift from Trog
 58497 | Crypt:1  | Got a twisted hunting sling {god gift}
 58498 | Crypt:1  | Identified the +7 hunting sling of the Scorpion {flame, Int+5} (Trog gifted it to you on level 1 of the Crypt)
 59812 | Vaults:5 | Entered Level 5 of the Vaults
 60317 | Vaults:5 | Noticed Boris
 60333 | Vaults:5 | Killed Boris
 60333 | Vaults:5 | Reached skill level 24 in Fighting
 60343 | Vaults:5 | Noticed an ancient lich
 60358 | Vaults:5 | Killed an ancient lich
 60358 | Vaults:5 | Received a gift from Trog
 60380 | Vaults:5 | Found Piumuoki's Food Shoppe.
 60413 | Vaults:5 | Reached XP level 24. HP: 238/238 MP: 23/34
 60483 | Vaults:5 | Noticed an ancient lich
 60496 | Vaults:5 | Killed an ancient lich
 61012 | Vaults:5 | Identified the amulet "Plog" {rN+ Regen+ Stlth+} (You took it off a vault warden on level 5 of the Vaults)
 61280 | Vaults:5 | Noticed an ancient lich
 61281 | Vaults:5 | Paralysed by an ancient lich for 3 turns
 61296 | Vaults:5 | Killed an ancient lich
 61745 | Vaults:5 | Received a gift from Trog
 61750 | Vaults:5 | Got an ichor-stained war axe {god gift}
 61765 | Vaults:4 | Identified the +10 war axe of Icsyufiquh {chop, rC- Str+3 Int+4 Dex+9} (Trog gifted it to you on level 5 of the Vaults)
 61823 | Vaults:5 | Identified the ring "Wimokhligg" {rPois MR+} (You took it off a yaktaur on level 5 of the Vaults)
 62258 | Vaults:5 | Got a silver rune of Zot
 62658 | Vaults:5 | Received a gift from Trog
 62665 | Vaults:5 | Identified the cursed +0 plate armour of the Marlin {+Fly rN+ MR+ Int-5} (You took it off a vault warden on level 5 of the Vaults)
 62767 | Vaults:5 | Received a gift from Trog
 62822 | Vaults:5 | Found Ade Addo's Magic Scroll Shoppe.
 62826 | Vaults:5 | Bought a scroll of enchant weapon for 165 gold pieces
 62826 | Vaults:5 | Bought a scroll of enchant weapon for 165 gold pieces
 62826 | Vaults:5 | Bought a scroll of enchant armour for 165 gold pieces
 62833 | Vaults:5 | Found Qagyuvau's Distillery.
 62837 | Vaults:5 | Bought a potion of mutation for 144 gold pieces
 62837 | Vaults:5 | Bought a potion of haste for 180 gold pieces
 62837 | Vaults:5 | Bought a potion of curing for 54 gold pieces
 62837 | Vaults:5 | Bought a potion of curing for 54 gold pieces
 63391 | Zot:1    | Entered Level 1 of the Realm of Zot
 63397 | Depths:5 | Reached skill level 25 in Fighting
 64559 | Zot:1    | Noticed an orb of fire
 64576 | Zot:1    | Killed an orb of fire
 64576 | Zot:1    | Reached XP level 25. HP: 183/249 MP: 11/34
 67608 | Zot:2    | Received a gift from Trog
 67616 | Zot:2    | Reached skill level 26 in Fighting
 68202 | Zot:3    | Received a gift from Trog
 68447 | Zot:3    | Received a gift from Trog
 69263 | Zot:3    | Received a gift from Trog
 69631 | Zot:4    | Reached XP level 26. HP: 214/264 MP: 34/34
 69644 | Zot:4    | Received a gift from Trog
 69898 | Zot:4    | Found a transporter.
 69980 | Zot:4    | Found a transporter.
 70014 | Zot:4    | Reached skill level 27 in Fighting
 70257 | Zot:4    | Found a shimmering altar of Xom.
 70350 | Zot:5    | Entered Level 5 of the Realm of Zot
 71177 | Zot:5    | Noticed an ancient lich
 71197 | Zot:5    | Killed an ancient lich
 71287 | Zot:5    | Noticed an ancient lich
 71303 | Zot:5    | Killed an ancient lich
 71338 | Zot:5    | Noticed an ancient lich
 71368 | Zot:5    | Paralysed by an ancient lich for 5 turns
 71376 | Zot:5    | Killed an ancient lich
 71787 | Zot:5    | Noticed an ancient lich
 71797 | Zot:5    | Killed an ancient lich
 71969 | Zot:5    | Noticed an orb of fire
 71975 | Zot:5    | Gained mutation: You occasionally shout uncontrollably at your foes. [an orb of fire]
 71988 | Zot:5    | Killed an orb of fire
 72532 | Zot:5    | Received a gift from Trog
 72750 | Zot:5    | Reached XP level 27. HP: 237/273 MP: 34/34
 72840 | Zot:5    | Noticed an ancient lich
 72847 | Zot:5    | Killed an ancient lich
 72961 | Zot:5    | Got the Orb of Zot
 72998 | Zot:5    | Noticed an ancient lich
 73004 | Zot:5    | Killed an ancient lich
 73024 | Zot:5    | Noticed an ancient lich
 73025 | Zot:5    | Killed from afar by an ancient lich

Skill      XL: |  1  2  3  4  5  6  7  8  9 10 11 12 13 14 15 16 17 18 19 20 21 22 23 24 25 26 27 |
---------------+----------------------------------------------------------------------------------+-----
Axes           | 4 5 6 7 10 11 13 14 15 17 | 17.6
Fighting       | 4 6 7 8 11 13 14 17 18 20 22 24 25 26 27 | 27.0
Throwing       | 2 3 5 7 |  7.1
Dodging        | 3 6 7 8 11 14 16 18 20 21 22 | 22.0
Armour         | 7 11 13 14 16 18 20 | 20.1
Shields        | 6 7 11 13 14 17 18 21 22 | 22.1
Evocations     | 3 6 7 10 12 13 15 17 | 17.0
Slings         | 5 9 13 | 13.2
Maces & Flails | 3 6 |  6.1

Action                   |  1- 3 |  4- 6 |  7- 9 | 10-12 | 13-15 | 16-18 | 19-21 | 22-24 | 25-27 || total
-------------------------+-------+-------+-------+-------+-------+-------+-------+-------+-------++-------
Melee: Hand axe          |    53 |    93 |   317 |    82 |       |       |       |       |       ||   545
       Headbutt          |    11 |    14 |    84 |   105 |   276 |   312 |   498 |   510 |   347 ||  2157
       Battleaxe         |       |       |       |   229 |    71 |       |       |       |       ||   300
       Broad axe         |       |       |       |    93 |   627 |  1166 |  1479 |  1231 |   837 ||  5433
       Whip              |       |       |       |    53 |   286 |       |     5 |       |       ||   344
       Flail             |       |       |       |       |    51 |       |       |       |       ||    51
       War axe           |       |       |       |       |     3 |       |       |    49 |    89 ||   141
 Fire: Hunting sling     |       |       |       |     8 |       |       |       |   146 |    14 ||   168
       Fustibalus        |       |       |       |       |   129 |   327 |     3 |    70 |       ||   529
Throw: Javelin           |       |       |     5 |     3 |     2 |     1 |       |     3 |       ||    14
Invok: Berserk           |     1 |     2 |     9 |    10 |    14 |     8 |     2 |     6 |     9 ||    61
       Trog's Hand       |       |     1 |     1 |       |     1 |     2 |     2 |     3 |     2 ||    12
       Burn Spellbooks   |       |       |     1 |     5 |     5 |     6 |     3 |     8 |       ||    28
       Brothers in Arms  |       |       |       |       |       |     5 |     2 |     1 |     3 ||    11
Evoke: Wand              |       |       |       |       |       |       |     6 |     1 |       ||     7
  Use: Scroll            |       |     9 |    11 |    10 |    14 |       |    12 |    17 |    12 ||    85
       Potion            |       |       |     1 |       |     1 |       |       |     1 |     2 ||     5
 Stab: Sleeping          |     1 |       |       |       |       |       |       |       |       ||     1
       Petrified         |       |       |       |       |     2 |       |       |       |       ||     2
       Distracted        |       |       |       |       |       |     1 |     1 |     3 |       ||     5
       Confused          |       |       |       |       |       |       |       |     5 |       ||     5
  Eat: Chunk             |       |     8 |    18 |    21 |    22 |    16 |    23 |    16 |    11 ||   135
       Ration            |       |       |     1 |     3 |     9 |    12 |     6 |     9 |    10 ||    50
Armor: Animal skin       |     3 |       |       |       |       |       |       |       |       ||     3
       Chain mail        |    12 |    38 |   106 |       |   147 |       |       |       |       ||   303
       Scale mail        |       |       |    18 |   159 |    19 |       |       |       |       ||   196
       Gold dragon scale |       |       |       |       |   295 |   563 |   346 |   330 |   212 ||  1746
Dodge: Dodged            |    36 |    30 |   131 |   219 |   320 |   350 |   294 |   325 |   240 ||  1945
Block: Shield            |       |       |    48 |    91 |   475 |   931 |   852 |   759 |   136 ||  3292
       Reflection        |       |       |       |       |    46 |   182 |   102 |    84 |     3 ||   417
       Other             |       |       |       |       |    28 |       |       |       |       ||    28
       Large shield      |       |       |       |       |       |       |       |       |   484 ||   484
